 Dungeon Crawl Stone Soup version 0.18-a0-1120-g03bd624 (webtiles) character file.

235 Chiseanne the Skirmisher (level 5, -3/48 HPs)
             Began as a Centaur Air Elementalist on Jan 17, 2016.
             Slain by a gnoll
             ... wielding a +0 flail
              (10 damage)
             ... on level 4 of the Dungeon.
             The game lasted 00:10:42 (5025 turns).

Chiseanne the Skirmisher (Centaur Air Elementalist) Turns: 5025, Time: 00:10:42

Health: -3/48      AC:  7    Str: 11    XL:     5   Next: 76%
Magic:  7/7        EV: 10    Int: 15    God:
Gold:   196        SH:  0    Dex:  9    Spells: 3 memorised, 1 level left

rFire  . . .     SeeInvis +     a - +2 long sword (elec)
rCold  . . .     Gourm    .     h - +0 robe
rNeg   . . .     Faith    .     (no shield)
rPois  .         Spirit   .     d - +1 helmet {SInv}
rElec  .         Dismiss  .     (no cloak)
rCorr  .         Reflect  .     l - +0 pair of gloves
SustAt .         Harm     .     (no barding)
MR     +....                    k - amulet of magic regeneration
Stlth  +.........               n - ring of wizardry
                                g - ring of protection from magic

@: repel missiles, very quick, somewhat resistant to hostile enchantments, very
unstealthy
A: hooves 3, deformed body, speed 2, tough skin 3
a: no special abilities


You were on level 4 of the Dungeon.
You were hungry.

You visited 1 branch of the dungeon, and saw 5 of its levels.

You collected 196 gold pieces.

Inventory:

Hand Weapons
 a - a +2 long sword of electrocution (weapon)
Missiles
 o - 21 sling bullets
 q - 2 poisoned needles
 A - 20 arrows of flame
Armour
 d - a +1 helmet of see invisible (worn)
 h - a +0 robe (worn)
 l - a +0 pair of gloves (worn)
Jewellery
 g - a ring of protection from magic (left hand)
 k - an amulet of magic regeneration (around neck)
 n - a ring of wizardry (right hand)
 u - an uncursed amulet of the gourmand
 y - an uncursed ring of fire
Wands
 f - a wand of lightning (10/15)
 C - a wand of fire (13/15)
Scrolls
 m - a scroll of remove curse
 x - 2 scrolls of fear
Potions
 e - a potion of heal wounds
 i - a potion of curing
 p - a potion of might
 r - a potion of cancellation
 t - a potion of haste
 v - a potion of flight
 w - 3 potions of cure mutation
 z - 3 potions of lignification
 B - a potion of ambrosia
 D - a potion of berserk rage
Books
 b - a book of Air

   Spells                             Type                      Level
   a - Shock                          Conjuration/Air              1
   b - Swiftness                      Charms/Air                   2
   c - Repel Missiles                 Charms/Air                   2
   d - Static Discharge               Conjuration/Air              3
   e - Lightning Bolt                 Conjuration/Air              5
Comestibles
 c - 4 bread rations
 j - 5 meat rations
 s - a beef jerky
 F - a royal jelly


   Skills:
 * Level 5.2 Fighting
 * Level 2.1 Dodging
 - Level 1.2 Stealth
 * Level 1.6 Spellcasting
 - Level 0.8 Conjurations
 - Level 2.6 Air Magic


You had one spell level left.
You knew the following spells:

 Your Spells              Type           Power        Failure   Level  Hunger
a - Shock                 Conj/Air       #...         4%          1    ##.....
b - Repel Missiles        Chrm/Air       #.....       9%          2    ###....
c - Static Discharge      Conj/Air       #.......     14%         3    ####...


Dungeon Overview and Level Annotations

Branches:
Dungeon (5/15)
 Temple: D:4-7

Altars:
Fedhas
Makhleb
Nemelex Xobeh
Qazlal
The Shining One


Innate Abilities, Weirdness & Mutations

You have hooves in place of feet.
Armour fits poorly on your strangely shaped body.
You cover ground very quickly.
You have extremely tough skin (AC +3).


Message History

The gnoll hits you with a flail. The gnoll hits you.
You barely miss the gnoll.
The gnoll is severely wounded.
The gnoll hits you with a flail.
The gnoll shaman calls upon its god to speed up the gnoll.
The gnoll seems to speed up.
The gnoll hits you but does no damage. The gnoll hits you with a flail!
The gnoll hits you but does no damage. The gnoll hits you with a flail.
* * * LOW HITPOINT WARNING * * *
You climb upwards.
There is a stone staircase leading down here.
You closely miss the gnoll. Your kick misses the gnoll.
The gnoll is severely wounded.
The gnoll barely misses you. x2
The gnoll hits you but does no damage.
You hit the gnoll but do no damage. Your kick misses the gnoll.
The gnoll is severely wounded.
The gnoll hits you with a flail!
* * * LOW HITPOINT WARNING * * *
The gnoll hits you with a flail!
You die...

############
############...g@g....#
#............########[# ########
#.############ #.# #....... #.#
####.####.###### #.# #.......#.#
# #.# #.##.##.#.###### #.#
########.##.##.........
#.#########................#.....
#.#...........####.##.##..##.####


You could see 2 gnolls.

Vanquished Creatures
  A centaur skeleton (D:3)
  An iguana (D:4)
  2 worker ants (D:4)
  2 gnolls
  2 adders
  An adder skeleton (D:4)
  3 worms
  2 giant geckos
  4 orcs
  A ball python (D:2)
  5 giant cockroaches
  13 goblins
  8 hobgoblins
  5 jackals
  3 quokkas (D:4)
  10 bats
  3 giant newts
  6 kobolds
  7 rats
79 creatures vanquished.

Notes
Turn   | Place    | Note
--------------------------------------------------------------
     0 | D:1      | Chiseanne the Centaur Air Elementalist began the quest for the Orb.
     0 | D:1      | Reached XP level 1. HP: 14/14 MP: 3/3
   217 | D:1      | Reached skill level 1 in Fighting
   562 | D:1      | Reached XP level 2. HP: 23/23 MP: 4/4
  1212 | D:1      | Reached XP level 3. HP: 10/30 MP: 1/5
  1503 | D:1      | Reached skill level 3 in Fighting
  1754 | D:2      | Found a stormy altar of Qazlal.
  2582 | D:2      | Learned a level 2 spell: Repel Missiles
  2608 | D:2      | Reached XP level 4. HP: 35/39 MP: 6/6
  2851 | D:2      | Found a glowing golden altar of the Shining One.
  2958 | D:2      | Found a blossoming altar of Fedhas.
  3154 | D:3      | Reached skill level 4 in Fighting
  3844 | D:4      | Reached XP level 5. HP: 47/47 MP: 7/7
  4056 | D:4      | Reached skill level 5 in Fighting
  4326 | D:4      | Found a sparkling altar of Nemelex Xobeh.
  4786 | D:5      | Entered Level 5 of the Dungeon
  4792 | D:5      | Learned a level 3 spell: Static Discharge
  4809 | D:5      | Found a burning altar of Makhleb.
  5025 | D:4      | Slain by a gnoll

Vault maps used:
D:1:      lightli_arrival_lavapool, minmay_misc_feat_iff
D:2:      marbit_many_paths, lemuel_crystal_altar, grunt_decor_fettered,
          nicolae_tso_swordbearing_angel
D:3:      kennysheep_nondescript
D:4:      first_bread, kennysheep_crisscross, nemelex_xobeh_ov_fountains_minmay
D:5:      lemuel_crystal_altar, gammafunk_temple_overflow_statue, basic_altar

Action                   |  1- 3 |  4- 6 || total
-------------------------+-------+-------++-------
Melee: Unarmed           |    41 |       ||    41
       Dagger            |    84 |       ||    84
       Club              |     3 |       ||     3
       Flail             |    67 |       ||    67
       Long sword        |       |   121 ||   121
 Cast: Shock             |    39 |     6 ||    45
       Repel Missiles    |     1 |       ||     1
  Use: Scroll            |     5 |    16 ||    21
       Potion            |       |     1 ||     1
  Eat: Chunk             |     6 |     6 ||    12
